[Event "*** Titled Tuesday Blitz"]
[Site "Chess.com"]
[Date "2021.03.16"]
[Round "6"]
[White "eightbyeightchess"]
[Black "atwalcb"]
[Result "0-1"]
[WhiteElo "2372"]
[BlackElo "2548"]
[TimeControl "180+1"]
[EndTime "11:06:18 PDT"]
[Termination "atwalcb won by checkmate"]

1. e4 d6 2. d4 Nf6 3. Nc3 Nbd7 4. f4 e5 5. Nf3 exd4 6. Nxd4 g6 7. Bc4 Bg7 8. O-O O-O 9. Qf3 Re8 10. Be3 Nc5 11. e5 dxe5 12. fxe5 Rxe5 13. h3 Ne6 14. Rad1 Qe8 15.
Ndb5 a6 16. Nd4 Rb8 17. Nd5 Nxd5 18. Bxd5 Bd7 19. Kh1 c6 20. Bb3 c5 21. Nxe6 Bxe6 22. Bf4 Rf5 23. Qg3 Rc8 24. Bxe6 Qxe6 25. Rfe1 Qc6 26. Rd6 Qb5 27. b3 Qb4 28. Red1 Qxf4 29.
Rd8+ Rxd8 30. Rxd8+ Bf8 31. Qc3 Qf1+ 32. Kh2 Qf4+ 33.
Kh1 Qe5 34. Qd3 Rf6 35. Rd5 Qe1+ 36. Kh2 Rf1 37. Rd8 Rh1# 0-1

[Event "*** Titled Tuesday Blitz"]
[Site "Chess.com"]
[Date "2021.03.16"]
[Round "6"]
[White "novocane"]
[Black "Kislov_Oleg"]
[Result "0-1"]
[WhiteElo "2253"]
[BlackElo "2445"]
[TimeControl "180+1"]
[EndTime "11:06:20 PDT"]
[Termination "Kislov_Oleg won on time"]

1. d4 Nf6 2. c4 e6 3. Nc3 d5 4. cxd5 exd5 5. Bg5 Be7 6. Qc2 O-O 7. e3 c6 8. Bd3 h6 9. h4 Re8 10. Nf3 Ne4 11.
Bf4 Bd6 12. Bxd6 Qxd6 13. Nxe4 dxe4 14. Bxe4 Qb4+ 15. Nd2 Nd7 16. O-O Nf6 17. Bd3 Ng4 18. Be2 Qe7 19. Nf3 Be6 20. Qc5 Qf6 21. e4 Rad8 22.
e5 Qf4 23. Qc1 Qf5 24. Bc4 c5 25. Bxe6 Rxe6 26. dxc5 Nxe5 27. Nxe5 Rxe5 28. b4 Re2 29. Qb1 Qf4 30. g3 Qf6 31. Qb3 Rdd2 32. Qc4 Rxf2 33.
Qe4 Qb2 0-1

[Event "*** Titled Tuesday Blitz"]
[Site "Chess.com"]
[Date "2021.03.16"]
[Round "6"]
[White "Evandro_Barbosa"]
[Black "Murad_Ibrahimli"]
[Result "0-1"]
[WhiteElo "2650"]
[BlackElo "2777"]
[TimeControl "180+1"]
[EndTime "11:06:21 PDT"]
[Termination "Murad_Ibrahimli won by resignation"]

1. e4 d5 2. exd5 Qxd5 3. Nc3 Qa5 4. d4 Nf6 5. Nf3 Bg4 6. h3 Bxf3 7. Qxf3 c6 8. Bd2 Qd8 9. O-O-O e6 10. g4 Nbd7 11. g5 Nd5 12. h4 Bb4 13. Rg1 Qa5 14. Kb1 Bxc3 15. Bxc3 Nxc3+ 16. Qxc3 Qxc3 17. bxc3 Ke7 18. Bd3 g6 19. h5 Nb6 20. c4 Rad8 21. c3 c5 22. Be2 Rc8 23. d5 exd5 24. cxd5 Kd6 25. c4 Rhe8 26. Bd3 Re7 27. Kc2 Rce8 28. Rh1 Nd7 29. Rd2 Re1 30. Rd1 Rxd1 31. Kxd1 Re5 32. Rg1 b5 33. cxb5 Rxd5 34. Kc2 Ne5 35. Be2 c4 36. a4 Kc5 37. Rg3 Kb4 38. f4 Nd7 39.
Re3 Nc5 40. Re7 c3 41. Bf3 Rd2+ 0-1

[Event "*** Titled Tuesday Blitz"]
[Site "Chess.com"]
[Date "2021.03.16"]
[Round "6"]
[White "Sharpchess22"]
[Black "KuzubovYuriy"]
[Result "1-0"]
[WhiteElo "2739"]
[BlackElo "2847"]
[TimeControl "180+1"]
[EndTime "11:06:23 PDT"]
[Termination "Sharpchess22 won on time"]

1. e4 c5 2. Nf3 Nc6 3. d4 cxd4 4. Nxd4 g6 5. c4 Nf6 6. Nc3 d6 7. Be2 Bg7 8. Be3 O-O 9. O-O Bd7 10. h3 a5 11. Qc2 Rc8 12. Rad1 Nb4 13. Qb1 a4 14.
Ndb5 Qa5 15. Bd2 Qa8 16. Rfe1 Nc6 17. Be3 Ne5 18. Na3 Be6 19. Nd5 Bxd5 20. exd5 Qa5 21. Bd4 Ned7 22. Bf1 Rfe8 23. Bc3 Qa8 24. Nb5 Nc5 25.
Qc2 Qa6 26. Re3 Ncd7 27. Rde1 Ne5 28. Bxe5 dxe5 29. Nc3 a3 30. b4 e4 31. Qb3 e6 32.
c5 Qa8 33. d6 b6 34. Nxe4 Nxe4 35. d7 Nf6 36. dxe8=Q+ Rxe8 37. cxb6 Nd5 38. Rd3 Nxb6 39. Qxa3 Qb8 40. b5 Rc8 41. Qb3 Bf6 42. a4 Qa7 43.
Re4 Rc1 44. Rd1 Rc3 45. Qb4 Nd5 46. Rxd5 1-0

[Event "*** Titled Tuesday Blitz"]
[Site "Chess.com"]
[Date "2021.03.16"]
[Round "6"]
[White "olksuna"]
[Black "AlhosaniOmran1"]
[Result "1-0"]
[WhiteElo "2663"]
[BlackElo "2486"]
[TimeControl "180+1"]
[EndTime "11:06:24 PDT"]
[Termination "olksuna won by resignation"]

1. e4 c5 2. Nf3 d6 3. d4 cxd4 4.
Nxd4 Nf6 5. Nc3 a6 6. Be2 e5 7. Nf3 Qc7 8. Bg5 Be6 9. Bxf6 gxf6 10. Nd5 Qd8 11. O-O Nd7 12. c3 Nc5 13. Nd2 f5 14.
Bf3 fxe4 15. Nxe4 Nxe4 16. Bxe4 Be7 17. Qh5 Rc8 18. Rad1 Rc4 19. Rfe1 Bg5 20. b3 Rc5 21. c4 Kd7 22. Bf5 Qg8 23. Bxe6+ fxe6 24. Nc3 Be7 25. Rxe5 Rxe5 26. Qxe5 Qf8 27. Ne4 Kc7 28. Qd4 Rg8 29. g3 h5 30. c5 dxc5 31. Qe5+ Kb6 32.
Rd7 Ka7 33. Qxe6 Bd8 34. Nd6 Bb6 35. Rxb7+ Ka8 36. Rxb6 Qf3 37. Qe4+ Qxe4 38. Nxe4 Re8 39. Nxc5 Re1+ 40. Kg2 Ka7 41. Rxa6+ Kb8 42. Rh6 Kc7 43.
Rxh5 Kc6 44. Rf5 Rd1 45. g4 1-0

[Event "*** Titled Tuesday Blitz"]
[Site "Chess.com"]
[Date "2021.03.16"]
[Round "6"]
[White "DenLaz"]
[Black "Volodar_Murzin"]
[Result "1-0"]
[WhiteElo "2844"]
[BlackElo "2677"]
[TimeControl "180+1"]
[EndTime "11:06:26 PDT"]
[Termination "DenLaz won on time"]

1. d4 Nf6 2. c4 g6 3. g3 Bg7 4. Bg2 O-O 5. Nc3 d6 6. Nf3 Nbd7 7. O-O e5 8. e4 a6 9. h3 exd4 10. Nxd4 Ne5 11. b3 Nh5 12. Be3 b5 13. cxb5 axb5 14. Ndxb5 Ba6 15. Re1 c6 16. Nd4 Nd3 17. Nxc6 Qd7 18.
Nd5 Nxe1 19. Qxe1 Bb7 20. Ncb4 Rab8 21. Rd1 Nf6 22. Nxf6+ Bxf6 23. Bf4 Rbd8 24. Nd5 Bg7 25. Bg5 f6 26. Bf4 Rfe8 27. Qb4 Kh8 28. Nb6 Qf7 29. Nc4 Bf8 30. Nxd6 Qd7 31. Qc3 Ba8 32. Qxf6+ Kg8 33.
Qb2 Re6 34. e5 Bxg2 35. Kxg2 Qc6+ 36. Kh2 Bg7 37. Qc1 Rf8 38. Qxc6 1-0

[Event "*** Titled Tuesday Blitz"]
[Site "Chess.com"]
[Date "2021.03.16"]
[Round "6"]
[White "HrvojeZagreb"]
[Black "WilliamSchill"]
[Result "0-1"]
[WhiteElo "2284"]
[BlackElo "2151"]
[TimeControl "180+1"]
[EndTime "11:06:27 PDT"]
[Termination "WilliamSchill won by resignation"]

1. d4 Nf6 2. Bf4 g6 3. Nc3 d5 4.
e3 a6 5. h4 h5 6. Nf3 Bg7 7. Ne5 Nbd7 8. Be2 c6 9. f3 Nxe5 10.
Bxe5 Qb6 11. Na4 Qa5+ 12. c3 O-O 13. b4 Qd8 14. g4 Be6 15. Nc5 Qc8 16. Bxf6 Bxf6 17.
gxh5 gxh5 18. f4 b6 19. Nd3 Bg4 20. Rg1 Bxh4+ 21. Kd2 f5 22. Ne5 Bf6 23. Bxg4 hxg4 24. Qc2 Bxe5 25. dxe5 Kg7 26. c4 e6 27. cxd5 cxd5 28.
Qb3 Qc4 29. Qxc4 dxc4 30. a4 b5 31. Kc3 Rfd8 32. axb5 axb5 33. Rxa8 Rxa8 34. Rd1 Ra3+ 35. Kd4 Rb3 36. Kc5 c3 37. Kxb5 c2 38. Rc1 Rxe3 39. Rxc2 Rf3 40. Rc4 g3 41. Rc1 Rxf4 42. Rg1 Rg4 43. Kc5 f4 44. b5 f3 45. b6 f2 46. b7 fxg1=Q+ 0-1

[Event "*** Titled Tuesday Blitz"]
[Site "Chess.com"]
[Date "2021.03.16"]
[Round "6"]
[White "ChessQueen"]
[Black "MrChampion_Coach"]
[Result "1-0"]
[WhiteElo "2714"]
[BlackElo "2503"]
[TimeControl "180+1"]
[EndTime "11:06:28 PDT"]
[Termination "ChessQueen won by checkmate"]

1. e4 c5 2. c3 Nf6 3. e5 Nd5 4. d4 d6 5. Nf3 cxd4 6. cxd4 Nc6 7. Bc4 Nb6 8. Bb5 Bd7 9. Nc3 e6 10. O-O dxe5 11. dxe5 Qc7 12. Qe2 a6 13. Bd3 Nb4 14. Be4 Be7 15. Bg5 Bxg5 16. Nxg5 Qxe5 17. Bxb7 Qxg5 18. Bxa8 Nxa8 19. Ne4 Qe7 20. Rfc1 O-O 21. Nc5 Bb5 22. Qe4 Nd5 23. a4 Bc6 24. Nxa6 Bb7 25. Nc5 Bc6 26. Nd3 Qb7 27. Ne5 Be8 28. Qd4 Nac7 29.
Ra3 f6 30. Nd3 e5 31. Qc4 Bf7 32. Qc6 Qa7 33. Nc5 Rd8 34. Rd3 Rb8 35. a5 Rxb2 36. Ne4 Nb4 37. Rd8+ Ne8 38. Rxe8+ Bxe8 39. Qxe8# 1-0

[Event "*** Titled Tuesday Blitz"]
[Site "Chess.com"]
[Date "2021.03.16"]
[Round "6"]
[White "Fortitudine"]
[Black "InitiatingASC"]
[Result "0-1"]
[WhiteElo "2296"]
[BlackElo "2451"]
[TimeControl "180+1"]
[EndTime "11:06:29 PDT"]
[Termination "InitiatingASC won by resignation"]

1. c4 Nf6 2. g3 g6 3. Bg2 Bg7 4. Nc3 O-O 5. e4 d6 6. d3 e5 7.
Nge2 c6 8. O-O Qe7 9. h3 a5 10. Be3 Na6 11. d4 exd4 12. Bxd4 Be6 13. b3 Rfd8 14.
Rc1 d5 15. cxd5 cxd5 16. e5 Ne4 17. f4 Nac5 18. Kh2 Rac8 19. g4 Nxc3 20. Rxc3 Ne4 21. Rxc8 Bxc8 22. Ng3 f5 23. exf6 Nxf6 24. Re1 Qb4 25.
Qa1 Ne8 26. Bxg7 Nxg7 27. Rd1 Qxf4 28. Qd4 Ne6 29. Qb6 d4 30. Rf1 Qd6 31. Qxa5 d3 32.
Qd2 Kg7 33. Re1 h6 34. Be4 Ng5 35. Bg2 Bd7 36. Re3 Bc6 37. Kg1 Bxg2 38. Kxg2 Qd5+ 39.
Kh2 Nf3+ 40. Rxf3 Qxf3 41. Qb4 Rd7 42. Qe7+ Rxe7 0-1

[Event "*** Titled Tuesday Blitz"]
[Site "Chess.com"]
[Date "2021.03.16"]
[Round "6"]
[White "DanilovVladimir"]
[Black "bricolageur"]
[Result "1/2-1/2"]
[WhiteElo "2423"]
[BlackElo "2269"]
[TimeControl "180+1"]
[EndTime "11:06:32 PDT"]
[Termination "Game drawn by repetition"]

1. d4 Nf6 2. Bg5 d5 3. Bxf6 gxf6 4. g3 e5 5. Bg2 Be6 6. e3 c5 7. Ne2 Nc6 8. O-O Qd7 9. c4 cxd4 10. exd4 exd4 11. Nxd4 Nxd4 12. Qxd4 dxc4 13. Qxf6 Rg8 14. Nc3 Bg7 15. Qf3 O-O-O 16. Rad1 Qe7 17. Nb5 a6 18. Nc3 Rd4 19. Rxd4 Bxd4 20. Nd5 Qd6 21. Nf4 Qb6 22. Nxe6 fxe6 23. Qf7 Rd8 24. Qxh7 Qxb2 25. Rb1 Qxf2+ 26. Kh1 Rd7 27. Qg8+ Kc7 28. Rxb7+ Kd6 29. Qb8+ Ke7 30. Rxd7+ Kxd7 31. Qb7+ Kd6 32. Qc6+ Ke7 33. Qc7+ Kf6 34. Qd8+ Ke5 35. Qc7+ Kf6 36. Qd8+ Kg6 37. Qg8+ Kf6 38. Qf8+ Kg5 39. Qg8+ Kf6 40. Qf8+ Ke5 41. Qb8+ Kf6 42. Qf8+ 1/2-1/2

[Event "*** Titled Tuesday Blitz"]
[Site "Chess.com"]
[Date "2021.03.16"]
[Round "6"]
[White "ChristopherYoo"]
[Black "QuintilianoR"]
[Result "1-0"]
[WhiteElo "2908"]
[BlackElo "2736"]
[TimeControl "180+1"]
[EndTime "11:06:33 PDT"]
[Termination "ChristopherYoo won on time"]

1. c4 e6 2. Nf3 Nf6 3. d4 d5 4.
Nc3 c6 5. Qd3 dxc4 6. Qxc4 b5 7.
Qd3 Bb7 8. e4 a6 9. a4 Nbd7 10.
e5 Nd5 11. Nxd5 cxd5 12. axb5 axb5 13. Rxa8 Qxa8 14. Qxb5 Qa1 15. Kd1 Qa8 16. Bd3 Be7 17.
Bd2 Bc6 18. Qa6 O-O 19. Ke2 Qxa6 20. Bxa6 Nb6 21. Rc1 Bd7 22. Rc7 Ra8 23. Bd3 Bd8 24. Rc1 Nc4 25. Bc3 Rb8 26. Nd2 Nb6 27. b3 Nc8 28. Ra1 Ne7 29. b4 Bb6 30. Nb3 Nc6 31. Nc5 Bxc5 32. bxc5 g6 33. Ra6 Be8 34. Kd2 h6 35.
Kc2 Bd7 36. Rb6 Rxb6 37. cxb6 Nd8 38. Kb3 Bc6 39. Kb4 Kf8 40. Ka5 Nb7+ 41. Ka6 Ke8 42. Ka7 Kd7 43. Ba6 Nd8 44. b7 Bxb7 45. Bxb7 1-0

[Event "*** Titled Tuesday Blitz"]
[Site "Chess.com"]
[Date "2021.03.16"]
[Round "6"]
[White "iturrizaga"]
[Black "anon102030"]
[Result "1-0"]
[WhiteElo "2848"]
[BlackElo "2703"]
[TimeControl "180+1"]
[EndTime "11:06:33 PDT"]
[Termination "iturrizaga won on time"]

1. d4 Nf6 2. c4 e5 3. d5 Bc5 4. Nc3 d6 5. h3 O-O 6. e4 Ne8 7. g4 Qh4 8. Qe2 Qe7 9. Nf3 g6 10. Bh6 Ng7 11. O-O-O a6 12. Ne1 b5 13. Nd3 Bd4 14.
h4 bxc4 15. Ne1 Nd7 16. h5 g5 17. Nf3 Bxc3 18. bxc3 f6 19. Nd2 Nb6 20. f3 Qd7 21.
Nxc4 Qa4 22. Nxb6 cxb6 23. Qc4 Qa3+ 24. Kb1 Bd7 25. Qb4 Qxb4+ 26. cxb4 Rfc8 27. Bd3 Rc3 28. Kb2 Rac8 29. Bxa6 Rc2+ 30. Kb1 R8c3 31. Rc1 Rxc1+ 32. Rxc1 Rxf3 33. Bxg7 Bxg4 34. h6 Rf4 35. Bd3 Bf3 36. Rc6 g4 37. Rxb6 g3 38. Rc6 g2 39. Rc1 1-0

[Event "*** Titled Tuesday Blitz"]
[Site "Chess.com"]
[Date "2021.03.16"]
[Round "6"]
[White "eljanov"]
[Black "Margency"]
[Result "1-0"]
[WhiteElo "2872"]
[BlackElo "2720"]
[TimeControl "180+1"]
[EndTime "11:06:35 PDT"]
[Termination "eljanov won by checkmate"]

1. d4 d5 2. Bf4 Nf6 3. e3 g6 4. Nf3 Bg7 5. Be2 O-O 6. h3 c5 7. c3 Qb6 8. Qb3 c4 9. Qa3 Nc6 10. Nbd2 Bf5 11. b3 cxb3 12. axb3 a5 13. O-O h6 14.
Rfc1 g5 15. Bg3 Ne4 16. Nxe4 Bxe4 17. Nd2 Bg6 18. Bf3 Rad8 19. c4 e5 20. cxd5 Nb4 21.
dxe5 Nxd5 22. Nc4 Qb4 23. Qxa5 b5 24. Nd6 Qxa5 25. Rxa5 Nb4 26. Rxb5 Nd3 27. Rd1 Rb8 28. Bb7 Rfd8 29. e4 Nf4 30. Bxf4 gxf4 31. Rdd5 Bh5 32.
Kf1 Bf8 33. Nf5 f3 34. g4 Bg6 35. Ke1 Re8 36. Kd2 Ba3 37. Ke3 Bb2 38. Kxf3 Bxe5 39. Rxe5 Rxe5 40. Rxe5 Rxb7 41. Nxh6+ Kg7 42. Nf5+ Kf6 43.
Rd5 Rxb3+ 44. Kg2 Ke6 45. f4 Ra3 46. Rd6# 1-0

[Event "*** Titled Tuesday Blitz"]
[Site "Chess.com"]
[Date "2021.03.16"]
[Round "6"]
[White "WiktoriaPOL"]
[Black "Bacyanide"]
[Result "0-1"]
[WhiteElo "2118"]
[BlackElo "2411"]
[TimeControl "180+1"]
[EndTime "11:06:35 PDT"]
[Termination "Bacyanide won on time"]

1. c4 e6 2. Nc3 d5 3. cxd5 exd5 4. d4 c5 5. Nf3 Nf6 6. Bg5 Be6 7. g3 c4 8. Bg2 Be7 9. O-O Nc6 10. b3 Na5 11.
bxc4 Nxc4 12. Qb3 b6 13. Ne5 Rc8 14. Qb5+ Kf8 15. Rac1 h6 16. Bxf6 gxf6 17. Nxc4 dxc4 18. d5 Bd7 19. Qb2 b5 20. Ne4 Bf5 21. Qd2 Bxe4 22.
Bxe4 Qd6 23. Qd4 h5 24. h4 Qc5 25. Qxc5 Bxc5 26. Rfd1 Bd6 27. Rb1 a6 28. a4 Rc5 29.
axb5 axb5 30. Ra1 Ke7 31. Ra7+ Rc7 32. Rxc7+ Bxc7 33. Rb1 Rb8 34. Bf3 Be5 35. Bxh5 b4 36. Bf3 b3 37. h5 c3 38. Be4 c2 39. Re1 Bb2 40. h6 c1=Q 41. Rxc1 Bxc1 42. h7 b2 0-1

[Event "*** Titled Tuesday Blitz"]
[Site "Chess.com"]
[Date "2021.03.16"]
[Round "6"]
[White "tylityli"]
[Black "ukchessbomber"]
[Result "0-1"]
[WhiteElo "2289"]
[BlackElo "2521"]
[TimeControl "180+1"]
[EndTime "11:06:38 PDT"]
[Termination "ukchessbomber won on time"]

1. d4 g6 2. c4 Bg7 3. e4 d5 4. cxd5 c6 5. Nc3 cxd5 6. Nxd5 Nc6 7. Be3 e6 8. Nc3 Bxd4 9. Bxd4 Qxd4 10. Qxd4 Nxd4 11.
O-O-O e5 12. Nd5 Rb8 13. Nf3 Bg4 14. Rxd4 exd4 15. Nxd4 Rc8+ 16. Kd2 a6 17. Bd3 Be6 18.
Nb6 Rd8 19. Ke3 Ne7 20. f4 Rd6 21. Nc4 Bxc4 22. Bxc4 O-O 23. e5 Rb6 24. b3 Nc6 25. Rd1 Rd8 26. g4 Nxd4 27. Rxd4 Rxd4 28. Kxd4 Kf8 29.
a3 Rc6 30. Bd5 Rc7 31. f5 Ke7 32. h4 gxf5 33. gxf5 f6 34. b4 b6 35. h5 h6 36.
Be6 Rc1 37. exf6+ Kxf6 38. Kd5 Rc3 39. a4 a5 40. bxa5 Rc5+ 41. Kd6 Rxa5 42. Kc7 Rxa4 43. Kxb6 Rh4 44. Kc5 Rxh5 45. Kd4 Rg5 46. Ke3 h5 47. Kf4 h4 0-1

[Event "*** Titled Tuesday Blitz"]
[Site "Chess.com"]
[Date "2021.03.16"]
[Round "6"]
[White "Orest_Vovk"]
[Black "c_r_e_e_p_e_r"]
[Result "1-0"]
[WhiteElo "2483"]
[BlackElo "2350"]
[TimeControl "180+1"]
[EndTime "11:06:40 PDT"]
[Termination "Orest_Vovk won on time"]

1. Nf3 c5 2. Rg1 b5 3. g4 Bb7 4.
Bg2 e6 5. d3 d6 6. h4 Nc6 7. g5 h5 8. g6 f6 9. Bh3 Qd7 10. a4 b4 11. Nbd2 Nge7 12. a5 a6 13. Nc4 Nc8 14. d4 d5 15. Nb6 Nxb6 16. axb6 a5 17.
Be3 c4 18. c3 b3 19. Bf4 a4 20. Nd2 Bd6 21. Bxd6 Qxd6 22. e4 e5 23. exd5 Qxd5 24. Bg2 Qb5 25. Qe2 O-O-O 26. Nxc4 Ba6 27. Bf1 exd4 28.
Nd6+ Rxd6 29. Qxb5 Re8+ 30. Kd2 Bxb5 31. Bxb5 Red8 32. c4 Ne5 33. c5 Rd5 34. Rgc1 d3 35. Bc6 Nxc6 36. Rxa4 Kb7 37. Ra3 Nd4 38. Ra7+ Kc6 39.
Rc7+ Kb5 40. b7 Nf3+ 41. Ke3 d2 42. Rd1 Nxh4 43. Rc8 R5d7 44. c6 1-0

[Event "*** Titled Tuesday Blitz"]
[Site "Chess.com"]
[Date "2021.03.16"]
[Round "6"]
[White "VinzentSpitzl"]
[Black "HanSchut"]
[Result "1-0"]
[WhiteElo "2367"]
[BlackElo "2236"]
[TimeControl "180+1"]
[EndTime "11:06:41 PDT"]
[Termination "VinzentSpitzl won by resignation"]

1. c4 Nf6 2. Nc3 d5 3. cxd5 Nxd5 4. Nf3 c5 5. e4 Nb4 6. Bc4 Nd3+ 7. Ke2 Nf4+ 8. Kf1 Ne6 9. d3 Nc6 10. Nd5 g6 11.
Bd2 Bg7 12. Bc3 Ned4 13. Nxd4 cxd4 14. Bd2 O-O 15. h4 h5 16. b4 Ne5 17. Rc1 Nxc4 18. Rxc4 Be6 19. Qf3 Bxd5 20. exd5 Qd7 21.
g3 Rfd8 22. Kg2 Qxd5 23. Qxd5 Rxd5 24. Rc7 Re5 25. Re1 Rxe1 26. Bxe1 Bf6 27. f4 b6 28. Kf3 a5 29. b5 Rb8 30. Ke4 Kf8 31.
Rc6 Ke8 32. a4 Kd7 33. Bf2 Rc8 34. Rxb6 Rc2 35. Bxd4 Bxd4 36. Kxd4 Ra2 37. Kd5 Rxa4 38. Rb7+ Kd8 39. Kc6 e6 40. Rxf7 Rd4 41. b6 Ke8 42.
Rc7 a4 43. b7 Rb4 44. Rc8+ Ke7 45. b8=Q Rxb8 46. Rxb8 1-0

[Event "*** Titled Tuesday Blitz"]
[Site "Chess.com"]
[Date "2021.03.16"]
[Round "6"]
[White "Omk124"]
[Black "juli2512"]
[Result "1-0"]
[WhiteElo "2559"]
[BlackElo "2216"]
[TimeControl "180+1"]
[EndTime "11:06:42 PDT"]
[Termination "Omk124 won by resignation"]

1. e4 c5 2. Nf3 d6 3. d4 cxd4 4.
Nxd4 Nf6 5. Nc3 Nc6 6. g3 e5 7. Nxc6 bxc6 8. Bg2 Be7 9. O-O Rb8 10. b3 O-O 11. Ba3 Qa5 12. Na4 Rd8 13. c4 Be6 14. Qe2 Bf8 15. Rfd1 Ne8 16. Rac1 Rbc8 17. h3 f5 18. exf5 Bxf5 19. c5 d5 20. Qxe5 Bg6 21. Rd4 Nf6 22. Qe6+ Kh8 23. Bb4 Qc7 24. Qe1 Re8 25.
Qd1 Ne4 26. Bd2 Qe5 27. Bf4 Qe6 28. Bf3 Be7 29. Qf1 Bf5 30. Kh2 Bf6 31. Rdd1 g5 32. Be3 g4 33. hxg4 Bxg4 34. Qg2 Rg8 35. Bxe4 dxe4 36.
Rd2 Bf3 37. Qh3 Qxh3+ 38. Kxh3 Rg6 39. Rd6 Rcg8 40. Re1 Bg5 41. Bd4+ Bf6 42. Bxf6+ Rxf6 43. Rxf6 Kg7 44. Rf4 Kg6 45. Rexe4 Bxe4 46. Rg4+ 1-0

[Event "*** Titled Tuesday Blitz"]
[Site "Chess.com"]
[Date "2021.03.16"]
[Round "6"]
[White "827883"]
[Black "SchmakAttack"]
[Result "0-1"]
[WhiteElo "2294"]
[BlackElo "2575"]
[TimeControl "180+1"]
[EndTime "11:06:44 PDT"]
[Termination "SchmakAttack won by resignation"]

1. e4 e6 2. d4 d5 3. exd5 exd5 4. Nf3 Bd6 5. c4 Nf6 6. Nc3 O-O 7. cxd5 a6 8. Bg5 h6 9. Bh4 Nbd7 10. Be2 b5 11. a3 Re8 12. O-O Bb7 13. Re1 Nb6 14.
Qc2 Nbxd5 15. Bg3 Nf4 16. Bxf4 Bxf4 17. Qf5 Bd6 18. Ne5 Qc8 19. Qf4 c5 20. Bh5 Bxe5 21. Bxf7+ Kxf7 22. dxe5 Qg4 23. e6+ Kg6 24. Qxg4+ Nxg4 25.
f4 h5 26. h3 Nf6 27. Re5 c4 28.
Rae1 Rad8 29. g4 hxg4 30. hxg4 Rd2 31. Rg5+ Kh7 32. Re3 Rg2+ 33. Kf1 Rxg4 34. Rxg4 Nxg4 35. Re1 Kg6 36. Nd1 Kf6 37. Nf2 Nxf2 38. Kxf2 Rxe6 39. Rd1 Be4 40. Rd7 Bd3 41. Ra7 Re2+ 42. Kg3 Rxb2 43. Rxa6+ Kf5 44. Rb6 c3 45. Rd6 Bc4 46. Rd1 c2 47. Rc1 Bb3 48. Kh4 Rb1 0-1

[Event "*** Titled Tuesday Blitz"]
[Site "Chess.com"]
[Date "2021.03.16"]
[Round "6"]
[White "Nesty_Javi_Chess"]
[Black "mbachez"]
[Result "1-0"]
[WhiteElo "2636"]
[BlackElo "2488"]
[TimeControl "180+1"]
[EndTime "11:06:45 PDT"]
[Termination "Nesty_Javi_Chess won by resignation"]

1. e4 e6 2. d4 d5 3. Nd2 h6 4. Ngf3 Nf6 5. e5 Nfd7 6. c3 c5 7. Bd3 Nc6 8. O-O g5 9. Bb5 g4 10. Ne1 cxd4 11. Bxc6 bxc6 12. cxd4 Ba6 13. Qxg4 c5 14.
Nef3 Bxf1 15. Nxf1 Be7 16. Be3 c4 17. Ng3 Qb6 18.
b3 cxb3 19. axb3 O-O-O 20. Nd2 Bg5 21. f4 Be7 22. Qe2 Kb8 23. f5 Bg5 24. Bf2 Rc8 25.
Nf3 Rc1+ 26. Rxc1 Bxc1 27. fxe6 fxe6 28. Qd3 Rc8 29. h4 Qc6 30. Qg6 Nb6 31. Nh5 Qc2 32.
Qxe6 Qxb3 33. Qd6+ Kb7 34. e6 Rc6 35. Qe5 Qb5 36.
e7 Rc8 37. Nf6 Re8 38. Nxe8 Qxe8 39. Qd6 Bd2 40. Qd8 1-0

[Event "*** Titled Tuesday Blitz"]
[Site "Chess.com"]
[Date "2021.03.16"]
[Round "6"]
[White "ViktoriyaTarasova"]
[Black "VladaSviridova"]
[Result "1-0"]
[WhiteElo "2353"]
[BlackElo "2221"]
[TimeControl "180+1"]
[EndTime "11:06:47 PDT"]
[Termination "ViktoriyaTarasova won on time"]

1. d4 d5 2. c4 c6 3. Nf3 Nf6 4. Nc3 dxc4 5. a4 Bf5 6. Ne5 Nbd7 7. Nxc4 Qc7 8. g3 e5 9. dxe5 Nxe5 10. Bf4 Nfd7 11.
Bg2 g5 12. Ne3 gxf4 13. Nxf5 O-O-O 14. Qc2 Nc5 15. O-O fxg3 16. hxg3 a5 17. Ne4 Nxe4 18.
Qxe4 h5 19. Rfd1 Bc5 20. e3 Kb8 21. Rac1 Bb4 22. Rd4 Rxd4 23. exd4 Ng6 24. d5 h4 25. dxc6 hxg3 26. Nxg3 Rh4 27. Qe8+ Ka7 28. Qe3+ b6 29.
Rd1 Ne5 30. Qg5 Rc4 31. Qd8 Qxd8 32. Rxd8 Nxc6 33. Rd7+ Kb8 34. Rxf7 Rc1+ 35. Kh2 Ne5 36. Rf5 Ng4+ 37. Kh3 Nh6 38. Rf6 Bd2 39. Nf5 Nxf5 40. Rxf5 Rc2 41. Rf8+ Kc7 42. Rf7+ Kd6 43. Rf6+ Kc7 44.
b3 Bb4 45. Bd5 Bc5 46. Kg2 Rb2 47. Bc4 1-0

[Event "*** Titled Tuesday Blitz"]
[Site "Chess.com"]
[Date "2021.03.16"]
[Round "6"]
[White "NTBT_DHS"]
[Black "mbojan"]
[Result "1-0"]
[WhiteElo "2799"]
[BlackElo "2655"]
[TimeControl "180+1"]
[EndTime "11:06:48 PDT"]
[Termination "NTBT_DHS won by resignation"]

1. d4 g6 2. Nc3 Bg7 3. e4 d6 4.
Bg5 a6 5. a4 Nc6 6. d5 Ne5 7.
h3 Nf6 8. f4 Ned7 9. g4 h6 10.
Bh4 g5 11. fxg5 hxg5 12. Bxg5 Ne5 13. Bg2 c5 14. Nf3 Nfd7 15. Nd2 Qb6 16. Ra2 Qb4 17. Qe2 c4 18. Be3 Nc5 19. O-O Bd7 20. Qf2 Rc8 21.
Nf3 Rf8 22. Nd4 Qb6 23. Nf5 Bxf5 24. Qxf5 Qc7 25. Raa1 Ncd7 26. h4 Ng6 27. Bg5 Bf6 28. h5 Nh4 29. Qf4 Ne5 30. Bxf6 exf6 31. Qxf6 Qe7 32. Qxe7+ Kxe7 33. Bh3 Rg8 34. Rf4 Nhf3+ 35. Kg2 Ng5 36. Ne2 b5 37. axb5 axb5 38. Ra7+ Kf8 39. Nd4 Rb8 40. Ne6+ Nxe6 41. dxe6 Rg7 42. h6 Rh7 43. g5 Kg8 44. exf7+ Kh8 45. f8=Q+ 1-0

[Event "*** Titled Tuesday Blitz"]
[Site "Chess.com"]
[Date "2021.03.16"]
[Round "6"]
[White "mishanick"]
[Black "Evgeny81"]
[Result "1-0"]
[WhiteElo "3022"]
[BlackElo "2775"]
[TimeControl "180+1"]
[EndTime "11:06:51 PDT"]
[Termination "mishanick won on time"]

1. e4 c6 2. Nf3 d5 3. Nc3 Bg4 4. h3 Bxf3 5. Qxf3 e6 6. Be2 Nf6 7. O-O d4 8. Nb1 c5 9. d3 Nc6 10. Qg3 h5 11. f4 h4 12. Qf2 Be7 13. a4 Nh5 14. Bxh5 Rxh5 15. Nd2 Qd7 16. Nc4 O-O-O 17. Bd2 Rg8 18. Qf3 Rh7 19. Qg4 f5 20. Qg6 Rh6 21. Qf7 Rf8 22. Qxg7 Rhh8 23. exf5 exf5 24. Rae1 Rhg8 25.
Qh6 Rf6 26. Qh5 Rfg6 27. Re2 Rg3 28. Rf3 Rxf3 29. Qxf3 Bd8 30. Be1 Kb8 31. Qh5 Bc7 32. Qxh4 a6 33. b3 Qd5 34. Kf1 b5 35. axb5 axb5 36.
Ne5 Bxe5 37. fxe5 Kb7 38. e6 Kb6 39. e7 Re8 40. Qf6 f4 41. Bh4 c4 42. bxc4 bxc4 43. Qxf4 cxd3 44. cxd3 Qb3 45. Qf3 Qb1+ 46. Re1 Qc2 47. Kg1 Kb5 48. Kh2 Nb4 49. Qf5+ Kb6 50. Re6+ 1-0

[Event "*** Titled Tuesday Blitz"]
[Site "Chess.com"]
[Date "2021.03.16"]
[Round "6"]
[White "Pantata007"]
[Black "guillembaches"]
[Result "0-1"]
[WhiteElo "2338"]
[BlackElo "2476"]
[TimeControl "180+1"]
[EndTime "11:06:51 PDT"]
[Termination "guillembaches won by resignation"]

1. d4 Nf6 2. c4 e6 3. Nc3 Bb4 4. e3 O-O 5. Ne2 c6 6. a3 Ba5 7.
Qc2 d5 8. Ng3 Nbd7 9. Be2 dxc4 10. Bxc4 e5 11. O-O exd4 12. exd4 Nb6 13. Bb3 Qxd4 14.
Bg5 Qe5 15. f4 Qc5+ 16. Kh1 Ng4 17. Rae1 Bf5 18. Qe2 Bxc3 19. Be7 Qb5 20. Qxb5 cxb5 21. Nxf5 Bxe1 22. Bxf8 Kxf8 23. Rxe1 Nc4 24. Bxc4 bxc4 25. Nd6 Nf2+ 26. Kg1 Nd3 27. Rb1 Nxf4 28. Nxc4 Rd8 29. Rf1 Ne2+ 30. Kf2 Nd4 31. Ke3 Ke7 32. Ke4 Ne6 33. Na5 Rd7 34. b4 g6 35. g4 h6 36. Ke3 Ng5 37. h4 Ne6 38. Rf2 Rc7 39. Rd2 b6 40. Nb3 Rc3+ 41. Rd3 Rxd3+ 42. Kxd3 Nf4+ 43.
Ke4 Ng2 44. h5 gxh5 45. gxh5 Kf6 46. Nd4 Kg5 47. Nc6 Kxh5 48. Nxa7 Kg4 49. Nc8 h5 50.
Nxb6 f5+ 51. Kd3 h4 52. Nd5 h3 0-1